 Dungeon Crawl Stone Soup version 0.31-a0-819-gf6de2f5ab6 (webtiles) character file.

Game seed: 7506233215527870853

107 qw the Shooter (level 4, 0/28 HPs)
             Began as a Gargoyle Hunter on Sept 23, 2023.
             Slain by a scorpion (2 damage)
             ... on level 3 of the Dungeon.
             The game lasted 00:00:39 (1890 turns).

qw the Shooter (Gargoyle Hunter)                    Turns: 1890, Time: 00:00:40

Health: 0/28       AC:  6    Str: 14    XL:     4   Next: 85%
Magic:  4/4        EV: 11    Int: 10    God:
Gold:   44         SH:  0    Dex: 15    Spells: 3/3 levels left

rFire   . . .        Y - +0 shortbow
rCold   . . .        (shield currently unavailable)
rNeg    + . .        c - +0 leather armour
rPois   inf          (no helmet)
rElec   +            (no cloak)
rCorr   .            (no gloves)
SInv    .            (no boots)
Will    .....        (no amulet)
Stlth   ++           (no ring)
HPRegen 0.24/turn    (no ring)
MPRegen 0.09/turn

%: no passive effects
@: no status effects
A: sickness immunity, AC +3, negative energy resistance 1, electricity
resistance, torment resistance 1, petrification resistance
a: no special abilities


You were on level 3 of the Dungeon.
You visited 1 branch of the dungeon, and saw 3 of its levels.

You collected 109 gold pieces.
You spent 65 gold pieces at shops.


Innate Abilities, Weirdness & Mutations

You are immune to sickness and miasma.
Your stone body is resilient. (AC +3)
You are immune to poison.
You resist negative energy. (rN+)
You are resistant to electric shocks. (rElec)
You are resistant to unholy torment.
You are immune to petrification.


   Skills:
 - Level 3.0 Fighting
 + Level 5.7 Ranged Weapons
 - Level 1.5 Dodging
 - Level 1.1 Stealth


You had 3 spell levels left.
You didn't know any spells.
Your spell library was empty.

Inventory:

Hand Weapons
 Y - a +0 shortbow (weapon)
Armour
 b - the +0 robe "Ashrimm" {Stlth+}
   (You found it on level 3 of the Dungeon)

   Stlth+:    It makes you more stealthy.
 c - a +0 leather armour (worn)
 d - a +0 cloak
Scrolls
 a - 3 scrolls of identify
Potions
 e - 2 potions of curing {unknown}
 f - a potion of might {unknown}
 g - a potion of invisibility {unknown}
 h - a potion of resistance {unknown}
 i - a potion of enlightenment

Dungeon Overview and Level Annotations

Branches:
Dungeon (3/15)

Altars:
Uskayaw

Shops:
D:3 *


Message History

The gnoll is severely wounded.
The bat hits you but does no damage.
The gnoll hits you from afar with a +0 spear.
The bat barely misses you.
You shoot an arrow. The arrow closely misses the bat.
The arrow barely misses the gnoll.
The bat barely misses you.
A kobold comes into view.
It is wielding a +0 short sword and quivering poisoned darts.
The gnoll barely misses you.
1885 |||
Found retreat position at -5,2 (floor) with 0 blocking monsters and 3 monsters attacking at destination at distance 5
1885 ||| Stepping ~*~*~tactically~*~*~ (retreating).
The bat hits you.
Enter note:
Enter note:
Enter note:
1886 |||
Found retreat position at 2,1 (floor) with 0 blocking monsters and 3 monsters attacking at destination at distance 2
Enter note:
Enter note:
Enter note:
1886 ||| Stepping ~*~*~tactically~*~*~ (retreating).
The gnoll barely misses you. The bat hits you but does no damage.
Enter note:
Enter note:
Enter note:
1887 |||
Found retreat position at 1,0 (floor) with 0 blocking monsters and 3 monsters attacking at destination at distance 1
1887 ||| Stepping ~*~*~tactically~*~*~ (retreating).
The bat closely misses you. The gnoll hits you with a +0 spear!
You shoot an arrow. The arrow closely misses the gnoll.
The bat hits you but does no damage. The scorpion misses you.
The gnoll hits you with a +0 spear. The scorpion stings you.
You shoot an arrow. The arrow closely misses the gnoll.
The arrow hits the kobold.
The kobold is severely wounded.
The bat closely misses you. The gnoll hits you but does no damage.
The scorpion stings you. The gnoll hits you but does no damage.
You shoot an arrow. The arrow closely misses the gnoll.
The arrow barely misses the kobold.
The bat hits you but does no damage. x2; The scorpion stings you.
The gnoll hits you with a +0 spear. The scorpion stings you.
You die...

###.#...#######.........
#...##..#######.........
#.####.......##.........
#.##.........##........>
..#..#.####..##.........
.....#....#..##.........
........_.#..##.K.......
....##....#....sg##...##
<...##.....)...b@# ##
....############## ....#
#.### . ....####### #.
..#........ #.
....####### #. ..#.#
.###. ....# ... ....


You could see a scorpion, a gnoll, a bat and a kobold.

Vanquished Creatures
  Jessica (D:3)
  2 gnolls (D:3)
  An adder (D:2)
  A worm (D:2)
  3 dart slugs
  8 endoplasms
  3 giant cockroaches (D:1)
  6 goblins
  3 hobgoblins
  A quokka (D:2)
  3 ball pythons
  2 bats (D:2)
  3 frilled lizards
  4 kobolds
  3 rats
44 creatures vanquished.

Notes
Turn   | Place    | Note
-------+----------+-------------------------------------------
     0 | D:1      | qw the Gargoyle Hunter began the quest for the Orb.
     0 | D:1      | Reached XP level 1. HP: 12/12 MP: 1/1
     0 | D:1      | 0 ||| qw: Version: 0.3-a-83-gcd0e7d8
     0 | D:1      | 0 ||| qw: Game counter: 1702
     0 | D:1      | 0 ||| qw: Melee chars always use a shield: true
     0 | D:1      | 0 ||| qw: God list: Okawaru
     0 | D:1      | 0 ||| qw: Allow faded altars: false
     0 | D:1      | 0 ||| qw: Do Orc after clearing Dungeon:15 true
     0 | D:1      | 0 ||| qw: Do second Lair branch before Depths: true
     0 | D:1      | 0 ||| qw: Lair rune preference: random
     0 | D:1      | 0 ||| qw: Goals: Normal
     0 | D:1      | 0 ||| PLANNING D:1-11
   185 | D:1      | Found a faded altar of an unknown god.
   228 | D:1      | Reached XP level 2. HP: 17/17 MP: 2/2
   538 | D:1      | You fall into a shaft and drop 1 floor!
   615 | D:2      | Reached XP level 3. HP: 20/21 MP: 3/3
   704 | D:2      | Reached skill level 5 in Ranged Weapons
   871 | D:2      | 871 ||| READING scroll labelled HEFUHIDOSO.
   872 | D:2      | 872 ||| READING scroll labelled EFIMAL PIZEQOD.
   873 | D:2      | 873 ||| READING 3 scrolls labelled YCISMIREAL.
   874 | D:2      | 874 ||| READING scroll labelled YWINOOBAOK.
   875 | D:2      | 875 ||| DROPPING scroll of butterflies.
   876 | D:2      | 876 ||| DROPPING 2 scrolls of poison.
  1587 | D:3      | Noticed Jessica
  1592 | D:3      | 1592 ||| STAIRDANCE
  1599 | D:2      | Reached skill level 3 in Fighting
  1628 | D:3      | 1628 ||| STAIRDANCE
  1670 | D:3      | Killed Jessica
  1671 | D:3      | Reached XP level 4. HP: 28/28 MP: 4/4
  1710 | D:3      | Identified the +0 robe "Ashrimm" {Stlth+}
  1806 | D:3      | Found Kekicagg's General Store.
  1819 | D:3      | 1819 ||| SHOPLISTING +4 skin of Zhor {*Englaciate rC+++
                  | SInv} (864 gold, have 103).
  1819 | D:3      | 1819 ||| SHOPLISTING amulet of reflection (390 gold, have
                  | 103).
  1819 | D:3      | 1819 ||| BUYING potion of enlightenment (65 gold).
  1819 | D:3      | Bought a potion of enlightenment for 65 gold pieces
  1821 | D:3      | Found a hide-covered altar of Uskayaw.
  1881 | D:3      | Noticed a scorpion
  1882 | D:3      | 1882 ||| Stepping ~*~*~tactically~*~*~ (retreating).
  1885 | D:3      | 1885 ||| Stepping ~*~*~tactically~*~*~ (retreating).
  1886 | D:3      | 1886 ||| Stepping ~*~*~tactically~*~*~ (retreating).
  1887 | D:3      | 1887 ||| Stepping ~*~*~tactically~*~*~ (retreating).
  1890 | D:3      | HP: 6/28 [scorpion (5)]
  1890 | D:3      | HP: 2/28 [gnoll/+0 spear (4)]
  1890 | D:3      | Slain by a scorpion

Levels and vault maps discovered:
D:1:      dpeg_arrival_round_b, layout_basic,
          hellmonk_ecumenical_altar_inner_sanctum, chequers_big_river
D:2:      layout_loops_ring, minivault_19, grunt_decor_fettered,
          chequers_mini_garden
D:3:      layout_rooms, mainiacjoe_overflow_chevrons, serial_shops, shop,
          uniq_jessica

Skill      XL: |  1  2  3 |
---------------+----------+-----
Ranged Weapons | 5 |  5.7
Fighting       | 3 |  3.0
Dodging        | |  1.5
Stealth        | |  1.1

Action                     |  1- 3 |  4- 6 || total
---------------------------+-------+-------++-------
   Fire: Shortbow          |   111 |    38 ||   149
    Use: Scroll            |     4 |       ||     4
 Armour: Leather armour    |    21 |    21 ||    42
  Dodge: Dodged            |    25 |    14 ||    39

Table legend:
 A = Non-vault XP
 B = Vault XP
 C = Vault XP percentage of total XP
 D = Non-vault monster count
 E = Vault monster count
 F = Vault count percentage of total count
                 A         B        C        D         E       F
            +---------+---------+-------+---------+---------+-------
      Total |     116 |      37 |  24.2 |      43 |       1 |   2.3
            +---------+---------+-------+---------+---------+-------
        D:1 |      25 |       0 |   0.0 |      14 |       0 |   0.0
        D:2 |      49 |       0 |   0.0 |      19 |       0 |   0.0
        D:3 |      42 |      37 |  46.8 |      10 |       1 |   9.1
            +---------+---------+-------+---------+---------+-------
